Unix NetHack Version 5.0.0-0 post-release - last build Jun 10 2026 00:39:30 (3ee93aec679c4c4259841fe613dc97188e26a321,branch:main).

Game began 2026-06-16 01:16:10, ended 2026-06-16 01:30:02.

Kwijibo4686, neutral female human Valkyrie

       ----------  -------                     -----
       |........----.....-----       -----     |(/(.|--           ----
       +..{...|......--...|..--    ---...---   |(((.-.|     -------..--
       |.....--------|....|...|-----.......--  |(](.|.|     |.........-----+-
       |-|--.| ----  |...........--.........---------.--+-- --..............|
       |...|.| |((( --.. |...-|.......G...|...............----....{.)...-----
       |...|.| |(((.-...    ..--..........|-..-----.---+-...o).....)....-..|
     -------.| |((( --... --........|....-|.......|..|..|.-..|..)).....-|..|
     |.......| ----  |....|...|..-..|...---..|...-.......-...|-...---.------
    ------------     |--....------|.|-......--....-----.-....------ -)-
    |...|/$%()%      |.......--|..|..---...........|...|........|  |....
    --..|....     ---|....{...||..|.|# -----.......|...---......-- |%%%%|
    --..--|--------..|-.......||....|       -.---..|..........|..| ------
    |................--......-----|.|       |.| ---|.....|....|..-----
    -+--........--|-.....-+---    |.|       |.|    --...----..|....|.----
       ---..-.--|..|---..|        |.+     ---|---   -----  ---|.........|--
         |.-|...|..|  ----        ---     |.....|    ----     ----.(...-|.--
    -+----.--.---+--                      |..[..|    |..|---------.|....|..--
    |.............|                       |.....|    |..--.........|---.....|
    ---------------                       -------    --.......------  ---..<|
                                                      ---------         -----
Kwijibo4686 the Fighter     St:18 Dx:13 Co:18 In:9 Wi:8 Ch:9  Neutral
Dlvl:5  $:67 HP:0(59) Pw:16(16) AC:4  Xp:6 T:1869 

Latest messages:
 You see here an iguana corpse.
 There is an iguana corpse here; eat it? [ynq] (n) y
 This iguana corpse tastes okay.
 You finish eating the iguana corpse.
 You hear some noises in the distance.
 You hear an animal carcass being offered in sacrifice.
 You hear someone praising Loki.
 The Uruk-hai shoots 2 poisoned orcish arrows!
 The 1st poisoned orcish arrow misses.
 The 2nd poisoned orcish arrow misses.
 You swap places with the peaceful watchman.
 The Uruk-hai attacks a spot beside you.
 You see here 2 poisoned orcish arrows.
 The Uruk-hai swings her orcish bow.
 The Uruk-hai hits!
 The Uruk-hai swings her orcish bow.
 The Uruk-hai hits!
 You hit the Uruk-hai!
 The Uruk-hai swings her orcish bow.
 The Uruk-hai hits!
 You hit the Uruk-hai!
 The Uruk-hai swings her orcish bow.
 The Uruk-hai hits!
 You miss the Uruk-hai.
 The Uruk-hai swings her orcish bow.
 The Uruk-hai hits!
 You hear someone praising Loki.
 You kill the Uruk-hai!
 $ - 10 gold pieces (53 in total).
 D - an orcish helm.
 The Uruk-hai hits!
 You are hit by a poisoned orcish arrow.
 You feel weaker!
 A poisoned orcish arrow misses you.
 You already found a monster.  Use 'm' prefix to force another search.
 You hit the Uruk-hai!
 You kill the Uruk-hai!
 The Uruk-hai picks up an orcish helm.
 You miss the Uruk-hai.
 You hit the Uruk-hai!
 You hit the Uruk-hai!
 The Uruk-hai hits!
 You kill the Uruk-hai!
 $ - 14 gold pieces (67 in total).
 There are several more objects here.
 The Uruk-hai swings his orcish bow.
 The Uruk-hai hits!
 You die...
 Do you want your possessions identified? [ynq] (y) y
 Do you want to see your attributes? [ynq] (y) q

Inventory:
 Coins    ('$')
  $ - 67 gold pieces
 Weapons  (')')
  b - a +0 dagger (alternate weapon; not wielded)
  a - a +1 spear (weapon in right hand)
 Armor    ('[')
  D - an uncursed +0 orcish helm
  A - an uncursed +0 pair of iron shoes (being worn)
  c - an uncursed +3 small shield (being worn)
 Comestibles  ('%')
  q - an uncursed slime mold
  d - 4 uncursed food rations
  o - an uncursed lembas wafer
  h - an uncursed orange
  t - an uncursed pancake
  i - 2 uncursed lichen corpses
 Scrolls  ('?')
  p - an uncursed scroll of amnesia
 Spellbooks  ('+')
  B - an uncursed spellbook of protection
  f - an uncursed spellbook of restore ability
 Potions  ('!')
  m - an uncursed potion of blindness
  g - 3 uncursed potions of healing
  j - 2 cursed potions of healing
  u - a cursed potion of sleeping
 Rings    ('=')
  v - an uncursed ring of invisibility
  k - an uncursed ring of see invisible
 Wands    ('/')
  e - a wand of cold (0:3)
  n - a wand of magic missile (0:4)
  z - a wand of striking (0:3)
 Tools    ('(')
  s - an expensive camera (0:35)
  w - an uncursed magic whistle
  C - a +0 pick-axe

Kwijibo4686 the Valkyrie's attributes:

Background:
 You were a Fighter, a level 6 human Valkyrie.
 You were neutral, on a mission for Odin
 who was opposed by Tyr (lawful) and Loki (chaotic).
 You were right-handed.
 You were in the Gnomish Mines, on level 5.
 You entered the dungeon 1869 turns ago.
 It was nighttime.
 There was a new moon in effect when your adventure ended.
 You had 466 experience points, 174 more were needed to attain level 7.

Basics:
 You had 0 out of 59 hit points.
 You had all 16 energy points (spell power).
 Your armor class was 4.
 Your wallet contained 67 zorkmids.
 Autopickup was on for '$?!/="' plus thrown.

Final Characteristics:
 Your strength was 18 (peak:18/01, limit:18/100).
 Your dexterity was 13 (limit:18).
 Your constitution was 18 (limit:18).
 Your intelligence was 9 (limit:18).
 Your wisdom was 8 (limit:18).
 Your charisma was 9 (limit:18).

Final Status:
 You weren't hungry.
 You were unencumbered.
 You were wielding a spear.
 You were skilled in spear.

Final Attributes:
 You were devoutly aligned.
 You were cold resistant.
 You were invisible.
 You were stealthy.
 You are dead.

Miscellaneous:
 You didn't encounter any bones levels.
 Total elapsed playing time was 13 minutes and 51 seconds.

Major events:
 Turn
    1: Kwijibo4686 the neutral human Valkyrie entered the dungeon
  527: entered the Gnomish Mines
  560: attained the rank of Skirmisher (level 3)
 1217: reached Mine Town
 1311: attained the rank of Fighter (level 6)
 1869: killed by an Uruk-hai

You didn't know any spells.

Skills:
 Fighting Skills
   bare handed combat [Unskilled]
   two weapon combat  [Unskilled]
   riding             [Unskilled]
 Weapon Skills
   dagger             [Basic]
   axe                [Unskilled]
   pick-axe           [Unskilled]
   short sword        [Unskilled]
   broadsword         [Unskilled]
   long sword         [Unskilled]
   two-handed sword   [Unskilled]
   saber              [Unskilled]
   hammer             [Unskilled]
   quarterstaff       [Unskilled]
   polearms           [Unskilled]
   spear              [Skilled]
   trident            [Unskilled]
   lance              [Unskilled]
   sling              [Unskilled]
 Spellcasting Skills
   attack spells      [Unskilled]
   escape spells      [Unskilled]

Voluntary challenges:
 Character rerolling was not enabled.
 You never genocided any monsters.
 You never polymorphed an object.
 You never changed form.
 You used no wishes.
Achievements:
 You entered the Gnomish Mines.
 You attained the rank of Skirmisher.
 You entered Minetown.
 You entered a shop.
 You attained the rank of Fighter.
 You entered a temple.

 The Dungeons of Doom: levels 1 to 3
    Level 1:
    Level 2:
       Stairs down to The Gnomish Mines.
    Level 3:
 The Gnomish Mines: levels 3 to 5
    Level 3:
    Level 4:
    Level 5: <- You were here.
       Many shops, a temple and an altar, many fountains.
       Final resting place for
          you, killed by an Uruk-hai.


Vanquished creatures:
  a bugbear
  3 Uruk-hai
  a pony
  7 gnome leaders
  a gnomish wizard
  a gray ooze
  2 little dogs
  4 dwarves
  a rothe
  a giant bat
 an iguana
  a coyote
  2 hobgoblins
  a red mold
 23 gnomes
  a garter snake
  a gnome zombie
  3 jackals
  a fox
  a goblin
  a sewer rat
  2 grid bugs
  a bat
  2 lichens
  5 newts
68 creatures vanquished.

No species were genocided or became extinct.

Game over:
                       ----------
                      /          \
                     /    REST    \
                    /      IN      \
                   /     PEACE      \
                  /                  \
                  |   Kwijibo4686    |
                  |      67 Au       |
                  |   killed by an   |
                  |     Uruk-hai     |
                  |                  |
                  |                  |
                  |       2026       |
                 *|     *  *  *      | *
        _________)/\\_//(\/(/\)/\//\/|_)_______

Farvel Kwijibo4686 the Valkyrie...

You died in The Gnomish Mines on dungeon level 5 with 2125 points,
and 67 pieces of gold, after 1869 moves.
You were level 6 with a maximum of 59 hit points when you died.

